 Dungeon Crawl Stone Soup version 0.31-a0-949-g57150269e1 (webtiles) character file.

Game seed: 13146879410712221127

39 Kurtz the Sneak (level 3, -6/29 HPs)
             Began as a Mummy Delver on Oct 22, 2023.
             Mangled by a gnoll
             ... wielding a +0 spear
              (8 damage)
             ... on level 2 of the Dungeon.
             The game lasted 00:01:40 (613 turns).

Kurtz the Sneak (Mummy Delver)                       Turns: 613, Time: 00:01:40

Health: -6/29      AC:  3    Str: 15    XL:     3   Next: 28%
Magic:  3/3        EV: 11    Int:  9    God:
Gold:   89         SH:  0    Dex: 15    Spells: 2/2 levels left

rFire   x . .        h - +0 war axe
rCold   + . .        (no shield)
rNeg    + + +        b - +0 leather armour
rPois   ∞            (no helmet)
rElec   .            (no cloak)
rCorr   .            (no gloves)
SInv    .            (no boots)
Will    .....        (no amulet)
Stlth   ++           (no ring)
HPRegen 0.24/turn    (no ring)
MPRegen 0.08/turn

%: faith
@: no status effects
A: cold resistance 1, negative energy resistance 3, torment resistance 2, heat
vulnerability 1, in touch with death 1, no potions, faith
a: no special abilities


You were on level 2 of the Dungeon.
You visited 1 branch of the dungeon, and saw 4 of its levels.

You collected 89 gold pieces.

Inventory:

Hand Weapons
 a - a +0 hand axe
 h - a +0 war axe (weapon)
Armour
 b - a +0 leather armour (worn)
Wands
 f - a wand of digging (3)
 g - a wand of roots (2) (quivered)
Scrolls
 c - a scroll of fog
 d - a scroll of revelation


   Skills:
 - Level 3.0 Fighting
 * Level 3.1 Axes
 - Level 1.5 Dodging
 - Level 4.1 Stealth


You had 2 spell levels left.
You didn't know any spells.
Your spell library was empty.

Dungeon Overview and Level Annotations

Branches:
Dungeon (5/15)
 Temple: D:4-7

Altars:

Annotations:
D:2 exclusion: door
D:4 exclusions: downstairs, gnoll and upstairs
D:5 exclusion: upstairs


Innate Abilities, Weirdness & Mutations

You are immune to poison.
Your flesh is cold resistant. (rC+)
You are immune to negative energy. (rN+++)
You are immune to unholy pain and torment.
You are vulnerable to heat. (rF-)
You are in touch with the powers of death.
You do not drink.
You have a special connection with the divine. (Faith)


Message History

You hit the kobold.
You kill the kobold!
No target in view!
No target in view!
Press: ? - help, v - describe, . - travel A closed door.
Placed new exclusion.
Reduced exclusion size to a single square.
There is an open door here.
Items here: ( ))) †.
There is an open gate here.
You now have 77 gold pieces (gained 9).
e - a scroll labelled IGOXECORPHI You now have 89 gold pieces (gained 12).
A hobgoblin comes into view.
A hobgoblin is nearby!
The hobgoblin shouts!
You hear a shout! x5
You slash the hobgoblin!
You kill the hobgoblin!
A goblin comes into view. It is wielding a +0 dagger.
A gnoll comes into view. It is wielding a +0 flail.
The gnoll shouts!
You hear a shout!
A gnoll comes into view. It is wielding a +0 spear.
Found a stone staircase leading down.
The gnoll barely misses you.
An orc comes into view. It is wielding a +0 whip.
The gnoll hits you with a +0 spear!
You closely miss the gnoll. The gnoll hits you with a +0 spear!
A quokka comes into view.
The goblin hits you with a +0 dagger. The gnoll hits you with a +0 spear.
* * * LOW HITPOINT WARNING * * *
The orc shouts!
Unknown command.
As you read the scroll labelled IGOXECORPHI, it crumbles to dust.
It is a scroll of amnesia.
You feel forgetful for a moment. The gnoll hits you with a +0 spear.
* * * LOW HITPOINT WARNING * * *
A gnoll comes into view. It is wielding a +0 whip.
The goblin hits you but does no damage.
The gnoll hits you from afar with a +0 spear!
You die...

. ... #. ...# #. .#.# ##
#####. >.. . ......
##.##.#
#####.#########.r.#.##.##
#......#....ogggg....
#.......# #...# #.......#
#.@## # #.......###.## #
##.....#...##
######.#......##
........####..# ######..#
#..# # #..# #..# # #..#
#..# # #..# #..#


You could see 2 gnolls, an orc, a quokka and a goblin.

Vanquished Creatures
  A gnoll (D:3)
  An adder (D:3)
  An orc (D:3)
  2 endoplasms (D:3)
  A goblin (D:3)
  4 hobgoblins
  6 kobolds (D:2)
  2 ball pythons
  A rat (D:3)
19 creatures vanquished.

Notes
Turn   | Place    | Note
-------+----------+-------------------------------------------
     0 | D:5      | Kurtz the Mummy Delver began the quest for the Orb.
     0 | D:5      | Reached XP level 1. HP: 18/18 MP: 1/1
    56 | D:4      | Noticed an ogre
    86 | D:3      | Reached XP level 2. HP: 24/24 MP: 2/2
   280 | D:3      | Reached XP level 3. HP: 16/29 MP: 3/3
   613 | D:2      | Mangled by a gnoll

Illustrated notes

Levels and vault maps discovered:
D:2:      cheibrodos_fertilizer, layout_loops_ring, minmay_hexomino_r4,
          uniq_terence, uniq_robin
D:3:      layout_loops_ring, gammafunk_ghost_cemetery, serial_shops, shop,
          serial_bayou_pond_c, grunt_decor_clamped, minmay_hedge_maze,
          uniq_crazy_yiuf_cottage
D:4:      layout_cave_pools, nicolae_ashenzari_panopticon
D:5:      layout_rooms, lemuel_tele_altar, uniq_edmund

Skill      XL: |  1  2  3 |
---------------+----------+-----
Axes           | 2 3 |  3.1
Fighting       | |  3.0
Dodging        | |  1.5
Stealth        | |  4.1

Action                     || total
---------------------------++-------
  Melee: Hand axe          ||    28
         War axe           ||    30
  Evoke: Wand              ||     4
    Use: Scroll            ||     2
   Stab: Sleeping          ||     3
 Armour: Leather armour    ||    46
  Dodge: Dodged            ||    34

Table legend: (Time is in decaauts)
 A = Elapsed time spent in this place.
 B = Non-inter-level travel time spent in this place.
 C = Inter-level travel time spent in this place.
 D = Time resting spent in this place.
 E = Time spent auto-exploring this place.
 F = Levels seen in this place.
 G = Mean time per level.
                   A        B        C        D        E       F      G
               +--------+--------+--------+--------+--------+-----+--------+
         Total |    628 |    619 |      9 |    113 |    215 |   4 |  157.0 |
       Dungeon |    628 |    619 |      9 |    113 |    215 |   4 |  157.0 |
               +--------+--------+--------+--------+--------+-----+--------+

Top non-repeatable levels by time:
     D:3: 302 daAuts
     D:2: 261 daAuts
     D:4: 49 daAuts
     D:5: 16 daAuts
